Map: Temple gelé

Players

zidar

  • Race: Zerg Zerg
  • League: Platinum
  • Spawn Location: 5:00

NotSoGosu - Winner!

  • Race: Protoss Protoss
  • League: Gold
  • Spawn Location: 11:00

VOD

Have the link to the VOD?

Description

Time

  • Played on: Nov. 19, 2016, 3 p.m.
  • Length: 25:04
Show
View Real Time Build Order
Export as new Build Order

zidar Zerg 

Build Orders: Pool First, Lurkers 

Get SALT Encoding   

  12  0:02  Drone  
  13  0:13  Overlord  
  13  0:17  Drone  
  14  0:31  Drone x2  
  16  0:43  Spawning Pool  
  16  0:47  Drone  
  16  1:10  Hatchery  
  15  1:16  Extractor, Drone  
  15  1:19  Drone  
  16  1:36  Queen  
  17  1:41  Zergling x4  
  19  1:48  Overlord  
  19  1:53  Drone  
  20  2:10  Evolution Chamber  
  20  2:12  Queen  
  21  2:30  Zergling x2  
  21  2:31  Zergling x2  
  23  2:43  Drone x4  
  27  2:48  Metabolic Boost  
  27  2:56  Extractor, Drone  
  27  3:00  Drone  
  28  3:17  Pneumatized Carapace  
  28  3:22  Drone  
  28  3:23  Drone x3  
  32  3:40  Drone x2  
  34  3:42  Roach Warren, Drone  
  30  4:24  Drone  
  30  4:25  Drone x5  
  30  4:28  Lair  
  36  4:45  Zerg Ground Armor Level 1  
  36  4:55  Extractor  
  36  4:58  Extractor  
  34  5:08  Hatchery  
  34  5:09  Drone x3  
  34  5:13  Overlord x2  
  34  5:14  Overlord x2  
  36  5:27  Glial Reconstitution  
  36  5:34  Roach x7, Hydralisk Den  
  49  5:40  Overseer  
  49  6:00  Roach  
  49  6:01  Roach x7  
  65  6:12  Overlord x2  
  65  6:28  Overlord  
  65  6:29  Overlord x2  
  65  6:30  Queen  
  67  6:48  Hydralisk  
  67  6:49  Hydralisk x3  
  67  6:52  Hydralisk  
  77  7:01  Muscular Augments  
  77  7:05  Drone  
  54  7:32  Hydralisk x5  
  56  7:55  Roach x6  
  68  8:09  Roach x3  
  68  8:11  Drone  
  75  8:24  Zerg Missile Weapons Level 1  
  55  8:46  Hydralisk  
  55  8:47  Hydralisk x5  
  65  8:58  Hydralisk x2  
  65  9:00  Roach  
  71  9:12  Roach x2  
  75  9:40  Lurker Den  
  75  9:44  Drone x4  
  75  9:45  Drone x7  
  88  10:14  Roach x8  
  102  10:25  Zerg Missile Weapons Level 2  
  102  10:50  Hydralisk x2  
  102  10:54  Overlord x4  
  106  11:13  Drone x6  
  106  11:16  Drone x2  
  114  11:21  Drone x7  
  121  11:43  Extractor  
  121  11:44  Extractor  
  121  11:45  Drone x3  
  122  11:55  Lurker x2  
  122  11:56  Lurker x4  
  122  11:57  Lurker  
  122  11:59  Lurker, Hatchery  
  122  12:00  Hydralisk x2  
  122  12:01  Hydralisk x2  
  137  12:17  Infestation Pit  
  136  12:29  Drone  
  137  12:30  Drone  
  137  12:33  Overlord  
  137  12:34  Overlord x2  
  137  12:35  Overlord x2  
  138  12:45  Overlord x5  
  138  12:46  Overlord x2  
  138  13:04  Hydralisk x10  
  158  13:17  Drone x4  
  162  13:38  Zerg Ground Armor Level 2  
  162  13:39  Hive  
  162  13:45  Hydralisk x3  
  162  13:46  Hydralisk x4  
  173  14:32  Extractor x2  
  173  14:34  Roach x6  
  173  14:37  Lurker  
  173  14:38  Lurker  
  185  14:41  Lurker  
  184  15:09  Roach  
  184  15:10  Roach x7  
  108  16:24  Hydralisk x3  
  108  16:25  Hydralisk x11  
  132  16:26  Roach x2  
  132  16:27  Roach x7  
  154  16:33  Adrenal Glands  
  154  17:01  Zergling x2  
  125  17:13  Zergling x14  
  125  17:14  Zergling x16  
  140  17:27  Roach x6  
  144  17:49  Roach x6, Hydralisk x3  
  110  18:17  Hydralisk x11  
  132  18:26  Zerg Melee Weapons Level 1  
  132  18:36  Roach x9, Zergling x2  
  132  18:37  Zergling x2  
  152  18:48  Hydralisk x4  
  152  18:55  Hatchery  
  102  19:16  Zergling x2  
  102  19:17  Zergling x20  
  104  19:18  Zergling x6  
  104  19:21  Hydralisk x3  
  118  19:37  Roach x9  
  136  19:42  Hydralisk  
  136  19:43  Hydralisk x2  
  142  20:01  Overseer  
  142  20:13  Hydralisk  
  142  20:14  Hydralisk x14  
  144  20:20  Lurker x4  
  144  20:21  Lurker  
  143  21:03  Zergling x22  
  150  21:05  Roach x7  
  160  21:22  Hydralisk x10  
  112  21:54  Hydralisk  
  112  21:55  Hydralisk x16  
  134  22:15  Hydralisk x5  
  136  22:24  Overseer  
  136  22:29  Zergling x20  
  144  22:32  Lurker  
  145  22:42  Extractor  
  145  22:43  Zergling x2  
  145  22:44  Zergling x8  
  149  22:46  Extractor  
  133  23:04  Lurker  
  133  23:05  Lurker  
  70  24:04  Zergling x2  
  70  24:05  Zergling x16  
  59  24:26  Zergling x6  
  58  24:36  Hatchery  
Show
View Real Time Build Order
Export as new Build Order

NotSoGosu Protoss - Winner!

Build Orders: Zealot Archon 

Get SALT Encoding   

  12  0:01  Probe (Chrono Boost)  
  13  0:11  Probe (Chrono Boost)  
  14  0:19  Pylon  
  14  0:22  Probe (Chrono Boost)  
  15  0:38  Probe (Chrono Boost)  
  15  0:39  Gateway  
  16  0:48  Probe (Chrono Boost)  
  17  0:50  Assimilator  
  17  0:59  Probe (Chrono Boost)  
  18  1:09  Probe (Chrono Boost), Assimilator  
  19  1:20  Probe (Chrono Boost)  
  20  1:29  Cybernetics Core  
  20  1:36  Probe (Chrono Boost)  
  21  1:46  Probe (Chrono Boost)  
  22  1:52  Pylon  
  22  1:57  Probe (Chrono Boost)  
  23  2:01  Pylon  
  23  2:06  Warp Gate (Chrono Boost)  
  23  2:10  Mothership Core (Chrono Boost), Zealot (Chrono Boost)  
  27  2:37  Nexus  
  27  2:44  Stalker  
  29  2:55  Probe  
  30  3:04  Twilight Council  
  30  3:07  Probe  
  31  3:13  Gateway  
  31  3:21  Gateway  
  31  3:25  Probe  
  32  3:32  Pylon  
  32  3:40  Probe  
  33  3:52  Probe  
  34  4:11  Probe  
  34  4:13  Probe  
  34  4:14  Stalker  
  37  4:30  Probe  
  37  4:31  Probe  
  37  4:37  Pylon  
  39  4:39  Dark Shrine  
  39  4:40  Probe  
  39  4:43  Probe  
  41  4:51  Probe  
  42  4:55  Probe  
  42  4:57  Pylon  
  42  4:58  Gateway  
  43  5:01  Probe  
  43  5:04  Gateway  
  44  5:07  Probe  
  44  5:12  Probe  
  46  5:23  Assimilator  
  46  5:25  Assimilator  
  46  5:49  Gateway  
  46  5:51  Gateway  
  46  5:56  Gateway  
  46  6:01  Stalker x3  
  46  6:02  Stalker  
  46  6:03  Stalker  
  56  6:11  Probe  
  56  6:12  Probe  
  56  6:15  Pylon  
  58  6:28  Dark Templar x3  
  58  6:31  Dark Templar  
  58  6:32  Zealot  
  68  6:36  Archon x2  
  68  6:49  Dark Templar  
  68  6:51  Zealot  
  72  7:02  Adept x3  
  72  7:03  Adept  
  72  7:05  Adept  
  82  7:18  Stalker  
  60  7:30  Dark Templar x2  
  58  7:37  Zealot x2  
  58  7:38  Zealot x2  
  66  7:49  Archon  
  66  7:59  Dark Templar x2  
  66  8:00  Stalker x2  
  72  8:05  Archon  
  72  8:10  Zealot x3  
  72  8:11  Zealot  
  80  8:17  Robotics Facility  
  62  8:44  Zealot x4  
  62  8:45  Zealot x4  
  74  8:58  Charge (Chrono Boost)  
  74  9:01  Nexus  
  74  9:02  Pylon  
  74  9:08  Observer (Chrono Boost)  
  75  9:14  Dark Templar  
  75  9:15  Dark Templar  
  79  9:18  Archon  
  79  9:21  Dark Templar x2  
  83  9:25  Archon  
  83  9:37  Probe  
  82  9:38  Probe  
  82  9:45  Pylon  
  84  9:46  Pylon  
  84  9:48  Dark Templar, Pylon  
  86  10:01  Probe, Forge  
  86  10:03  Probe  
  86  10:06  Dark Templar  
  90  10:08  Dark Templar x2  
  90  10:11  Archon  
  90  10:12  Archon  
  94  10:16  Probe  
  94  10:18  Probe  
  96  10:24  Assimilator  
  96  10:25  Assimilator  
  96  10:27  Probe, Pylon  
  96  10:30  Probe  
  96  10:32  Templar Archives  
  98  10:36  Protoss Ground Weapons Level 1 (Chrono Boost)  
  98  10:53  Photon Cannon  
  98  10:55  Photon Cannon  
  98  10:58  Psionic Storm  
  98  11:13  High Templar  
  98  11:14  High Templar  
  98  11:15  Zealot x4  
  110  11:22  High Templar  
  110  11:24  Probe x2  
  110  11:25  Probe  
  114  11:31  Observer  
  116  11:34  Probe x2  
  116  11:37  Probe  
  119  11:43  High Templar x2  
  119  11:45  Probe x2  
  125  11:48  Zealot x3  
  125  11:49  Probe  
  132  12:00  Pylon x2  
  132  12:02  Pylon  
  132  12:03  Pylon  
  132  12:24  Protoss Ground Armor Level 1 (Chrono Boost)  
  132  12:29  High Templar x2  
  136  12:31  Stargate, Zealot x3  
  136  12:32  Gateway, Zealot  
  136  12:33  Archon  
  136  12:34  Gateway  
  144  12:45  Nexus  
  144  12:55  Observer  
  145  13:04  Pylon  
  145  13:05  High Templar x2  
  145  13:06  High Templar x2, Zealot x2  
  145  13:07  Zealot  
  145  13:08  Pylon  
  145  13:09  Archon  
  145  13:10  Archon  
  159  13:17  Observer  
  160  13:25  Fleet Beacon  
  160  13:44  Robotics Bay  
  160  13:49  Pylon  
  160  13:52  Pylon  
  159  13:59  Robotics Facility  
  159  14:01  Probe x2, Forge  
  159  14:02  Probe x2  
  163  14:14  Assimilator  
  163  14:16  Protoss Ground Weapons Level 2 (Chrono Boost)  
  163  14:17  Assimilator  
  159  14:31  High Templar x2  
  157  15:04  Disruptor (Chrono Boost)  
  158  15:12  Disruptor (Chrono Boost)  
  159  15:33  Robotics Facility  
  159  15:34  Robotics Facility  
  159  15:36  Photon Cannon  
  159  15:37  Photon Cannon  
  159  15:38  Photon Cannon  
  159  15:41  Photon Cannon  
  159  15:43  Photon Cannon  
  159  15:44  Disruptor (Chrono Boost)  
  159  15:49  Disruptor (Chrono Boost)  
  138  16:13  Archon  
  138  16:14  Archon  
  138  16:17  Disruptor (Chrono Boost)  
  133  16:23  Tempest  
  133  16:25  Disruptor (Chrono Boost)  
  140  16:30  Observer (Chrono Boost)  
  140  16:32  Disruptor (Chrono Boost)  
  144  16:36  Zealot  
  144  16:37  Zealot x8  
  132  17:24  Disruptor (Chrono Boost)  
  132  17:28  Tempest  
  132  17:29  Disruptor x3 (Chrono Boost)  
  148  17:55  Disruptor (Chrono Boost)  
  123  18:14  Nexus  
  123  18:16  Pylon  
  123  18:18  Pylon  
  123  18:21  Assimilator  
  123  18:24  Assimilator  
  123  18:36  Stalker x4  
  123  18:37  Stalker x5  
  141  18:48  Tempest  
  126  19:16  Observer (Chrono Boost)  
  130  19:19  Observer x3 (Chrono Boost), Stalker x7  
  130  19:20  Stalker x2  
  148  19:26  Protoss Ground Weapons Level 3  
  148  19:31  Tempest  
  152  19:42  Photon Cannon  
  152  20:14  Dark Templar  
  152  20:15  Dark Templar, Zealot x3  
  152  20:16  Zealot x4  
  130  21:43  Dark Templar x4  
  130  21:44  Dark Templar x2  
  130  21:45  Dark Templar x2  
  140  21:47  Archon x2  
  140  21:48  Archon  
  140  21:49  Archon  
  131  22:12  Disruptor (Chrono Boost)  
  140  22:16  Disruptor x3 (Chrono Boost)  
  136  22:26  Zealot x4  
  136  22:27  Zealot x5  
  154  22:39  Protoss Ground Armor Level 2 (Chrono Boost)  
  154  22:42  Tempest  
  140  23:36  Zealot x3  
  140  23:37  Zealot x5  
  123  24:05  Adept x4  
  123  24:07  High Templar x4  
  123  24:09  Zealot  
  141  24:11  Archon x2  
  141  24:23  Disruptor  
  141  24:24  Disruptor x2  
  138  24:31  Adept x4  
  138  24:32  Adept  
  148  24:56  Adept x5  
  148  24:57  Adept x4  
Tags
 
Add a new tag
Caveats
  • Supply blocks, unpowered buildings, or Contaminate may cause inaccurate times.
  • Supply counts are checked every 10 seconds.